 Dungeon Crawl Stone Soup version 0.31-a0-217-g58bb5d79cf (webtiles) character file.

Game seed: 8866169119298642417

249 gelatine the Shooter (level 5, -1/39 HPs)
             Began as a Demonspawn Hunter on July 3, 2023.
             Slain by a wyvern zombie (5 damage)
             ... in an ossuary.
             The game lasted 00:04:41 (1680 turns).

gelatine the Shooter (Demonspawn Hunter)            Turns: 1680, Time: 00:04:44

Health: -1/39      AC:  4    Str: 11    XL:     5   Next: 86%
Magic:  5/5        EV: 13    Int: 10    God:
Gold:   104        SH:  0    Dex: 19    Spells: 4/4 levels left

rFire   . . .        a - +0 shortbow
rCold   . . .        (shield currently unavailable)
rNeg    . . .        c - +0 leather armour
rPois   .            n - +0 helmet
rElec   .            (no cloak)
rCorr   .            (no gloves)
SInv    .            (no boots)
Will    .....        (no amulet)
Stlth   ++           s - +4 ring of slaying
HPRegen 0.26/turn    (no ring)
MPRegen 0.09/turn

%: no passive effects
@: no status effects
A: foul stench 1
a: no special abilities


You were in an ossuary.
You visited 1 branch of the dungeon, and saw 3 of its levels.
You also visited: Ossuary.

You collected 104 gold pieces.

Inventory:

Hand Weapons
 a - a +0 shortbow (weapon)
Missiles
 i - 2 throwing nets
Armour
 c - a +0 leather armour (worn)
 k - a +0 kite shield
 n - a +0 helmet (worn)
Jewellery
 s - a +4 ring of slaying (left hand)
Wands
 r - a wand of digging (3)
Scrolls
 b - a scroll of butterflies
 e - 2 scrolls of acquirement {unknown}
 f - 2 scrolls of blinking {unknown}
 g - 2 scrolls of identify {unknown}
 l - 2 scrolls of teleportation {unknown}
 o - a scroll of vulnerability {unknown}
 p - a scroll of immolation {unknown}
 q - a scroll of enchant armour {unknown}
Potions
 d - a potion of experience {unknown}
 h - 2 potions of curing {unknown}
 j - a potion of magic {unknown}
 m - a potion of brilliance {unknown}


   Skills:
 * Level 2.5 Fighting
 * Level 5.3 Ranged Weapons
 * Level 1.8 Armour
 * Level 3.1 Dodging
 + Level 0.8 Stealth


You had 4 spell levels left.
You didn't know any spells.
Your spell library was empty.

Dungeon Overview and Level Annotations

Branches:
Dungeon (4/15)            Ossuary (1/1)
 Temple: D:4-7

Altars:
Hepliaklqana
Kikubaaqudgha

Shops:
D:1 :   D:2 :


Innate Abilities, Weirdness & Mutations

You may rarely emit foul miasma when damaged in melee.


Message History

No target in view!
A wyvern zombie comes into view.
You shoot an arrow.
The arrow hits the wyvern zombie but does no damage.
You shoot an arrow. The arrow hits the wyvern zombie!
The wyvern zombie is lightly damaged.
You shoot an arrow.
The arrow barely misses the wyvern zombie.
You shoot an arrow.
The arrow barely misses the wyvern zombie.
The wyvern zombie closely misses you.
You shoot an arrow. The arrow hits the wyvern zombie.
The wyvern zombie is moderately damaged.
The wyvern zombie barely misses you.
You shoot an arrow.
The arrow barely misses the wyvern zombie.
The wyvern zombie bites you but does no damage.
You shoot an arrow. The arrow hits the wyvern zombie.
The wyvern zombie is moderately damaged.
The wyvern zombie closely misses you.
A water moccasin zombie comes into view.
The wyvern zombie bites you!
You shoot an arrow.
The arrow barely misses the wyvern zombie.
The wyvern zombie bites you! The wyvern zombie closely misses you.
You are too injured to fight recklessly!
You are too injured to fight recklessly!
You are too injured to fight recklessly!
You shoot an arrow. The arrow hits the wyvern zombie!
The wyvern zombie is heavily damaged.
The wyvern zombie bites you.
* * * LOW HITPOINT WARNING * * *
You emit a cloud of foul miasma!
You shoot an arrow.
The arrow hits the wyvern zombie but does no damage.
The wyvern zombie is heavily damaged.
The wyvern zombie bites you.
* * * LOW HITPOINT WARNING * * *
The wyvern zombie bites you.
You die...

###~# ≈~.#
##~.# #P.~~
##~.#####
#..~#...#
###.'.∩.#
#.'Z#..∩#
#≈~##@#####
#≈≈# +Z'.#
#≈ #~###
+~# #~+ +.#
#~# +~~


You could see a water moccasin zombie and a wyvern zombie.

Vanquished Creatures
  A centaur zombie (Ossuary)
  A jelly (D:4)
  An orc wizard (D:4)
  2 mummies (Ossuary)
  A killer bee zombie (Ossuary)
  A gnoll (D:2)
  2 adders (D:2)
  3 dart slugs
  2 worms
  3 orcs (D:4)
  2 ball pythons (D:1)
  5 endoplasms (D:1)
  A giant cockroach (D:2)
  6 goblins
  7 hobgoblins
  6 kobolds
  5 quokkas
  7 bats
  3 frilled lizards
  3 rats
62 creatures vanquished.

Notes
Turn   | Place    | Note
-------+----------+-------------------------------------------
     0 | D:1      | gelatine the Demonspawn Hunter began the quest for the Orb.
     0 | D:1      | Reached XP level 1. HP: 16/16 MP: 1/1
    54 | D:1      | Gained mutation: You may rarely emit foul miasma when
                  | damaged in melee. [demonic ancestry]
    54 | D:1      | Reached XP level 2. HP: 22/22 MP: 2/2
    91 | D:1      | Reached skill level 4 in Ranged Weapons
    97 | D:1      | Found Tokheh Paig's Vocational Training.
   320 | D:1      | Reached XP level 3. HP: 27/27 MP: 3/3
   799 | D:2      | Found Figuar's Book Boutique.
   977 | D:2      | Reached XP level 4. HP: 33/33 MP: 4/4
  1167 | D:2      | Reached skill level 1 in Armour
  1316 | D:2      | Found a hazy altar of Hepliaklqana.
  1335 | D:2      | You fall into a shaft and drop 2 floors!
  1349 | D:4      | Identified the +5 ring mail "Quum" {rF++ Slay-3}
  1385 | D:4      | Reached skill level 5 in Ranged Weapons
  1475 | D:4      | Found an ancient bone altar of Kikubaaqudgha.
  1529 | D:4      | Reached XP level 5. HP: 39/39 MP: 5/5
  1583 | D:4      | Found a sand-covered staircase.
  1587 | Ossuary  | Entered an ossuary
  1680 | Ossuary  | Slain by a wyvern zombie

Illustrated notes

Levels and vault maps discovered:
D:1:      ldierk_walled_garden, layout_rooms, minmay_misc_feat_rows,
          minmay_tree_intersection, nicolae_shop_vocational
D:2:      minmay_diamond_boxcup, layout_basic, basic_altar, serial_shops,
          nicolae_book_shop_shelving
D:4:      cheibrodos_quashed, layout_basic, tgw_kikubaaqudgha,
          nicolae_overflow_hidden_temple, nicolae_ossuary_entry_false_entrances,
          uniq_blork_the_orc
Ossuary:  ossuary_zaba_flooded

Skill      XL: |  1  2  3  4  5 |
---------------+----------------+-----
Ranged Weapons | 4 5 |  5.3
Dodging        | 2 3 |  3.1
Armour         | 1 |  1.8
Fighting       | |  2.5
Stealth        | |  0.8

Action                     |  1- 3 |  4- 6 || total
---------------------------+-------+-------++-------
  Melee: Shortbow          |       |     1 ||     1
   Fire: Shortbow          |   124 |    84 ||   208
 Armour: Leather armour    |    19 |    10 ||    29
  Dodge: Dodged            |    46 |    41 ||    87

Table legend: (Time is in decaauts)
 A = Elapsed time spent in this place.
 B = Non-inter-level travel time spent in this place.
 C = Inter-level travel time spent in this place.
 D = Time resting spent in this place.
 E = Time spent auto-exploring this place.
 F = Levels seen in this place.
 G = Mean time per level.
                   A        B        C        D        E       F      G
               +--------+--------+--------+--------+--------+-----+--------+
         Total |   1727 |   1638 |     89 |      0 |   1234 |   4 |  431.8 |
       Dungeon |   1629 |   1540 |     89 |      0 |   1179 |   3 |  543.0 |
       Ossuary |     98 |     98 |      0 |      0 |     55 |   1 |   98.0 |
               +--------+--------+--------+--------+--------+-----+--------+

Top non-repeatable levels by time:
     D:2: 755 daAuts
     D:1: 617 daAuts
     D:4: 256 daAuts
 Ossuary: 98 daAuts
